Map: Base du roi Sejong EC

Players

zidar

  • Race: Zerg Zerg
  • League: Platinum
  • Spawn Location: 5:00

MyKi - Winner!

  • Race: Protoss Protoss
  • League: Platinum
  • Spawn Location: 11:00

VOD

Have the link to the VOD?

Description

Time

  • Played on: Oct. 12, 2016, 10:22 a.m.
  • Length: 5:55
Show
View Real Time Build Order
Export as new Build Order

zidar Zerg 

Build Orders: Pool First 

Get SALT Encoding   

  12  0:01  Drone  
  13  0:12  Overlord  
  13  0:17  Drone  
  14  0:30  Drone x2  
  16  0:43  Spawning Pool  
  16  0:47  Drone  
  16  1:13  Hatchery, Drone  
  16  1:17  Extractor  
  15  1:24  Drone  
  16  1:37  Queen  
  18  1:40  Drone x2  
  20  1:56  Drone  
  20  1:59  Overlord  
  21  2:13  Drone  
  21  2:17  Queen  
  23  2:28  Drone x2  
  23  2:29  Roach Warren  
  24  2:34  Metabolic Boost  
  24  2:59  Zergling x14  
  31  3:24  Overlord x3  
  31  3:40  Extractor  
  30  3:42  Drone x7  
  36  4:13  Spore Crawler  
  36  4:15  Spore Crawler  
  34  4:21  Drone x8  
  42  4:26  Lair  
  36  4:42  Zergling x12  
  42  4:50  Zergling x6  
  45  5:00  Zergling x4  
  45  5:07  Spine Crawler  
  46  5:10  Spine Crawler  
  43  5:27  Zergling x6  
  43  5:28  Zergling x14  
Show
View Real Time Build Order
Export as new Build Order

MyKi Protoss - Winner!

Build Orders:  

Get SALT Encoding   

  12  0:02  Probe (Chrono Boost)  
  13  0:13  Probe (Chrono Boost)  
  14  0:18  Pylon  
  14  0:23  Probe (Chrono Boost)  
  15  0:36  Probe (Chrono Boost)  
  15  0:37  Gateway  
  16  0:46  Probe (Chrono Boost)  
  16  0:47  Assimilator  
  17  0:57  Probe (Chrono Boost)  
  17  0:59  Assimilator  
  18  1:04  Pylon  
  19  1:11  Probe (Chrono Boost)  
  19  1:22  Probe (Chrono Boost)  
  20  1:26  Cybernetics Core  
  20  1:32  Probe (Chrono Boost)  
  21  1:43  Probe (Chrono Boost)  
  22  1:51  Pylon  
  22  1:54  Probe (Chrono Boost)  
  22  1:55  Gateway  
  23  2:05  Stalker  
  23  2:07  Warp Gate (Chrono Boost)  
  25  2:11  Probe (Chrono Boost)  
  26  2:24  Gateway  
  26  2:27  Gateway  
  26  2:35  Pylon  
  26  2:41  Stalker  
  28  3:00  Stalker  
  30  3:24  Stalker  
  30  3:26  Stalker  
  34  3:27  Stalker  
  34  3:32  Pylon  
  36  3:34  Stalker  
  38  3:50  Pylon  
  38  4:11  Stalker x2  
  38  4:13  Stalker  
  44  4:18  Stalker  
  46  4:39  Stalker x2  
  46  4:40  Stalker  
  52  4:50  Stalker  
  54  5:02  Stalker  
  54  5:05  Stalker x2  
Tags
 
Add a new tag
Caveats
  • Supply blocks, unpowered buildings, or Contaminate may cause inaccurate times.
  • Supply counts are checked every 10 seconds.